 Dungeon Sprint DCSS version 0.17-a0-1646-geb1493d (webtiles) character file.

75320 Kidiri the Imperceptible (level 14, -7/88 HPs)
             Began as a Spriggan Enchanter on Aug 10, 2015.
             Was the Champion of Dithmenos.
             Mangled by a shadow wraith (20 damage)
             ... summoned by a mummy priest
             ... in the Dungeon (Sprint III: "The Ten Rune Challenge").
             The game lasted 00:50:18 (7398 turns).

Kidiri the Imperceptible (Spriggan Enchanter)       Turns: 7398, Time: 00:50:18

Health: -7/88      AC:  5    Str: 16    XL:     14   Next: 8%
Magic:  12/38      EV: 37    Int: 17    God:    Dithmenos [******]
Gold:   3506       SH:  0    Dex: 19    Spells: 14 memorised, 14 levels left

rFire  . . .     SeeInvis +     g - +1 rapier "Ytuz" {speed, -Tele Str+7}
rCold  . . .     Clarity  .     d - +1 robe {Archmagi}
rNeg   . . .     SustAt   .     (shield restricted)
rPois  .         Gourm    .     s - +2 hat
rElec  .         Spirit   .     (no cloak)
rCorr  .         Warding  .     (gloves unavailable)
rMut   .         NoTele   +     (boots unavailable)
MR     +....                    (no amulet)
Stlth  ..........               (no ring)
                                (no ring)

@: berserking, vulnerable, wreathed by umbra, very quick, somewhat resistant to
hostile enchantments, extremely unstealthy
A: unfitting armour, see invisible, dopey 1, herbivore 3, speed 3, slow
metabolism 2
a: Shadow Step, Shadow Form, Renounce Religion
}: 2/10 runes: decaying, barnacled


You were in the Dungeon.
You worshipped Dithmenos.
Dithmenos was exalted by your worship.
You were not hungry.

You visited 1 branch You collected 3931 gold pieces.
You spent 425 gold pieces at shops.

Inventory:

Hand weapons
 g - the +1 rapier "Ytuz" (weapon) {speed, -Tele Str+7}
   (You found it in the Dungeon)

   Attacks with this weapon are significantly faster.
   It affects your strength (+7).
   It prevents most forms of teleportation.
 h - a +0 rapier of draining
Missiles
 n - 10 throwing nets (quivered)
Armour
 d - a +1 robe of the Archmagi (worn)
 s - a +2 hat (worn)
Magical devices
 f - a wand of disintegration (10)
 l - a wand of frost (31)
 q - a wand of enslavement (9)
Scrolls
 m - 2 scrolls of torment
 o - 3 scrolls of remove curse
Potions
 a - 2 potions of might
 e - 3 potions of curing
 i - a potion of berserk rage
 r - 2 potions of flight
Books
 b - Ryqirog's Papyrus of Twisted Augmentations
   (You found it in the Dungeon)

   Spells                             Type                      Level
   a - Infusion                       Charms                       1
   b - Animate Skeleton               Necromancy                   1
   c - Swiftness                      Charms/Air                   2
   d - Ozocubu's Armour               Charms/Ice                   3
   e - Animate Dead                   Necromancy                   4
   f - Ring of Flames                 Charms/Fire                  7
Comestibles
 c - 26 royal jellies
 p - 17 fruits


   Skills:
 + Level 13.3 Short Blades
 * Level 22.0 Dodging
 * Level 23.6 Stealth
 * Level 19.0 Spellcasting
 + Level 9.4 Conjurations
 + Level 14.7 Hexes
 + Level 3.3 Charms
 + Level 3.2 Summonings
 + Level 2.0 Necromancy
 + Level 10.3 Ice Magic
 + Level 3.4 Air Magic
 - Level 10.8 Invocations


You had 14 spell levels left.
You knew the following spells:

 Your Spells              Type           Power        Failure   Level  Hunger
a - Corona                Hex            #######      0%          1    None
b - Ensorcelled Hibernat  Hex/Ice        ######       1%          2    None
c - Confuse               Hex            #######.     1%          3    None
d - Tukima's Dance        Hex            #######.     1%          3    None
e - Dazzling Spray        Conj/Hex       ######..     1%          3    None
f - Summon Guardian Gole  Hex/Summ       ######..     1%          3    None
g - Summon Small Mammal   Summ           ####         1%          1    None
h - Call Imp              Summ           #####...     1%          2    None
i - Summon Ice Beast      Ice/Summ       ######..     1%          4    None
j - Call Canine Familiar  Summ           #####...     2%          3    None
k - Summon Lightning Spi  Summ/Air       #####...     10%         4    None
l - Ozocubu's Armour      Chrm/Ice       ######..     1%          3    None
m - Animate Skeleton      Necr           N/A          1%          1    None
n - Animate Dead          Necr           N/A          17%         4    None


Dungeon Overview and Level Annotations

Branches:
Dungeon (1/1)

Altars:
Cheibriados
Dithmenos
Elyvilon
Fedhas
Gozag
Kikubaaqudgha
Makhleb
Nemelex Xobeh
Okawaru
Qazlal
Ru
Sif Muna
Trog
Vehumet
Xom
Yredelemnul
Zin
The Shining One
Jiyva
Lugonu

Shops:
D =?([}?(

Annotations:
D exclusion: orange crystal statue


Innate Abilities, Weirdness & Mutations

You are tiny and cannot use many weapons and most armour.
You have supernaturally acute eyesight.
You are a herbivore.
You cover ground extremely quickly.
You need consume almost no food.
You are dopey. (Int -2)


Message History

You puncture the phantasmal warrior!
The phantasmal warrior is moderately damaged.
The phantasmal warrior completely misses you.
The shadow wraith misses you.
Unknown command.
You puncture the phantasmal warrior!
The phantasmal warrior is heavily damaged.
The mummy priest prays to its god.
You closely miss the phantasmal warrior.
The phantasmal warrior is heavily damaged.
Your shadow hits the phantasmal warrior but does no damage.
Unknown command.
You hit the phantasmal warrior.
The phantasmal warrior is heavily damaged.
Your shadow hits the phantasmal warrior but does no damage.
You hit the phantasmal warrior.
The phantasmal warrior is severely damaged.
Your shadow barely misses the phantasmal warrior.
The shadow wraith hits you!!
You die...

.§.§§..#
#..#..#.#%.#...^..#
§..§§..#
#:....###########'#
######.#
#################^#
..
#.|.#L#......^^#..#
.
#...###........+..#
#......^.......+..#
#[.............#..#
################^.#
#W@W§§............#
▓M▓▓▓▓▓▓▓▓▓▓▓▓▓▓▓▓▓
▓48# ▓ZW# ▓.Z# ▓.^#
▓..# ▓..# ▓.M#


You could see a mummy priest, a shadow wraith (invisible), a phantasmal warrior
and a blue devil.

Vanquished Creatures
  Sigmund (D)
  Xtahua (D)
  Rupert (D)
  A kraken (D)
  Gastronok (D)
  2 sphinxes (D)
  Maud (D)
  2 dire elephants (D)
  A yaktaur captain (D)
  A mummy priest (D)
  3 fire dragons (D)
  Erolcha (D)
  3 hydras (D)
  An alligator snapping turtle (D)
  3 dancing weapons (D)
  4 death yaks (D)
  A centaur warrior (D)
  A death drake (D)
  2 skeletal warriors (D)
  A spriggan druid (D)
  An orc knight (D)
  A lindwurm (D)
  An ugly thing (D)
  A manticore (shapeshifter) (D)
  2 elephants (D)
  2 spiny frogs (D)
  2 black mambas (D)
  Edmund (D)
  An eye of devastation (shapeshifter) (D)
  A fire drake (D)
  A komodo dragon (D)
  3 guardian mummies (D)
  A merfolk (shapeshifter) (D)
  3 wandering mushrooms (D)
  A deep elf priest (D)
  A queen bee (D)
  4 spriggan defenders (D)
  3 slime creatures (D)
  2 orc high priests (D)
  5 snapping turtles (D)
  8 blink frogs (D)
  2 spriggans (D)
  2 trapdoor spiders (D)
  A shadow (D)
  4 redbacks (D)
  2 hill giants (D)
  A spatial vortex (D)
  2 orc warriors (D)
  A necrophage (D)
  A swamp drake (D)
  3 two-headed ogres (D)
  2 brain worms (D)
  A water elemental (D)
  A scorpion (D)
  32 killer bees (D)
  A jelly (D)
  A wizard (D)
  10 orc priests (D)
  An orc wizard (D)
  Jessica (D)
  A necromancer (D)
  3 humans (D)
  A kobold demonologist (D)
  An ooze (D)
  5 orcs (D)
  A kobold (D)
  A rat (D)
  2 plants (D)
161 creatures vanquished.

Vanquished Creatures (collateral kills)
  A skeletal warrior (D)
1 creature vanquished.

Vanquished Creatures (others)
  2 draconian scorchers (D)
  Nessos (D)
  A skeletal warrior (D)
  4 ball lightnings (D)
  A hornet (D)
  2 fire drakes (D)
  3 yaktaurs (D)
  A wasp (D)
  An electric eel (D)
  4 ballistomycetes (D)
  A bush (D)
  3 fungi (D)
  3 giant spores (D)
  13 plants (D)
  13 tentacles (D)
  80 tentacle segments (D)
133 creatures vanquished.

Grand Total: 295 creatures vanquished

Notes
Turn   | Place    | Note
--------------------------------------------------------------
     0 | D        | Kidiri the Spriggan Enchanter began the quest for the Orb.
     0 | D        | Reached XP level 1. HP: 9/9 MP: 5/5
    10 | D        | Reached skill level 5 in Stealth
    31 | D        | Noticed Jessica
    51 | D        | Killed Jessica
    51 | D        | Reached skill level 5 in Dodging
    51 | D        | Reached skill level 6 in Stealth
    51 | D        | Reached XP level 2. HP: 10/13 MP: 6/8
    51 | D        | Reached XP level 3. HP: 12/16 MP: 6/9
    55 | D        | Learned a level 2 spell: Ensorcelled Hibernation
    59 | D        | Learned a level 3 spell: Confuse
    63 | D        | Learned a level 3 spell: Tukima's Dance
   164 | D        | Killed a yaktaur
   176 | D        | Killed a white draconian scorcher
   225 | D        | Noticed a scorpion
   228 | D        | Killed a scorpion
   228 | D        | Reached skill level 7 in Stealth
   228 | D        | Reached skill level 5 in Spellcasting
   228 | D        | Reached skill level 5 in Hexes
   228 | D        | Reached skill level 1 in Ice Magic
   228 | D        | Reached XP level 4. HP: 21/21 MP: 8/12
   236 | D        | Learned a level 3 spell: Dazzling Spray
   236 | D        | Killed a white draconian scorcher
   253 | D        | Killed a fire drake
   271 | D        | Gained mutation: You are clumsy. (Dex -2) [potion of mutation]
   271 | D        | Gained mutation: You have a pair of small horns on your head. [potion of mutation]
   272 | D        | Gained mutation: You can spit weak poison. [potion of mutation]
   272 | D        | Gained mutation: You are dopey. (Int -2) [potion of mutation]
   272 | D        | Gained mutation: You have sharp toenails. [potion of mutation]
   314 | D        | Lost mutation: You can spit weak poison. [potion of cure mutation]
   314 | D        | Lost mutation: You have sharp toenails. [potion of cure mutation]
   314 | D        | Lost mutation: You are dopey. (Int -2) [potion of cure mutation]
   314 | D        | Lost mutation: You are clumsy. (Dex -2) [potion of cure mutation]
   314 | D        | Lost mutation: You have a pair of small horns on your head. [potion of cure mutation]
   430 | D        | Noticed a water elemental
   433 | D        | Killed a water elemental
   433 | D        | Reached skill level 8 in Stealth
   433 | D        | Reached skill level 1 in Conjurations
   433 | D        | Reached XP level 5. HP: 24/24 MP: 12/14
   452 | D        | Noticed a jelly
   453 | D        | Noticed a shadow
   455 | D        | Killed a shadow
   455 | D        | Reached skill level 9 in Dodging
   455 | D        | Reached skill level 10 in Stealth
   455 | D        | Reached XP level 6. HP: 28/28 MP: 14/17
   463 | D        | Killed a jelly
   516 | D        | Found a stormy altar of Qazlal.
   517 | D        | Noticed a spatial vortex
   517 | D        | Killed a spatial vortex
   517 | D        | Reached skill level 5 in Short Blades
   517 | D        | Reached skill level 10 in Dodging
   517 | D        | Reached skill level 11 in Stealth
   518 | D        | Found a sacrificial altar of Ru.
   518 | D        | Found a burning altar of Makhleb.
   518 | D        | Found a viscous altar of Jiyva.
   518 | D        | Found a shimmering altar of Xom.
   518 | D        | Found a shadowy altar of Dithmenos.
   518 | D        | Found a sparkling altar of Nemelex Xobeh.
   518 | D        | Found a corrupted altar of Lugonu.
   518 | D        | Found an opulent altar of Gozag.
   522 | D        | Became a worshipper of Dithmenos the Shadowed
   523 | D        | Killed a fire drake
   548 | D        | Found a radiant altar of Vehumet.
   549 | D        | Found a deep blue altar of Sif Muna.
   549 | D        | Found an ancient bone altar of Kikubaaqudgha.
   549 | D        | Noticed a wizard
   550 | D        | Killed a wizard
   598 | D        | Found a glowing silver altar of Zin.
   598 | D        | Killed an electric eel
   599 | D        | Found a glowing golden altar of the Shining One.
   599 | D        | Found a white marble altar of Elyvilon.
   599 | D        | Noticed a deep elf priest
   605 | D        | Killed a deep elf priest
   605 | D        | Reached skill level 12 in Stealth
   605 | D        | Reached skill level 1 in Invocations
   605 | D        | Reached XP level 7. HP: 19/32 MP: 4/20
   738 | D        | Found an iron altar of Okawaru.
   739 | D        | Found a bloodstained altar of Trog.
   739 | D        | Noticed a human
   739 | D        | Noticed a human
   744 | D        | Killed a human
   747 | D        | Killed a human
   792 | D        | Found a snail-covered altar of Cheibriados.
   792 | D        | Noticed a necrophage
   793 | D        | Noticed a necromancer
   796 | D        | Killed a necrophage
   796 | D        | Acquired Dithmenos's first power
   796 | D        | Reached XP level 8. HP: 33/36 MP: 9/22
   800 | D        | Killed a necromancer
   801 | D        | Found a basalt altar of Yredelemnul.
   801 | D        | Found a blossoming altar of Fedhas.
   904 | D        | Noticed a two-headed ogre
   904 | D        | Noticed a two-headed ogre
   908 | D        | Killed a two-headed ogre
   912 | D        | Killed a two-headed ogre
   912 | D        | Reached skill level 10 in Spellcasting
  1050 | D        | Noticed a two-headed ogre
  1051 | D        | Killed a two-headed ogre
  1051 | D        | Acquired Dithmenos's second power
  1051 | D        | Reached skill level 13 in Stealth
  1056 | D        | Noticed a hill giant
  1058 | D        | Killed a hill giant
  1063 | D        | Noticed a hill giant
  1063 | D        | Noticed Erolcha
  1065 | D        | Killed Erolcha
  1065 | D        | Reached skill level 14 in Stealth
  1065 | D        | Reached skill level 5 in Ice Magic
  1065 | D        | Reached XP level 9. HP: 39/39 MP: 20/25
  1066 | D        | Killed a hill giant
  1095 | D        | Noticed a redback
  1098 | D        | Noticed a trapdoor spider
  1099 | D        | Killed a trapdoor spider
  1099 | D        | Acquired Dithmenos's third power
  1102 | D        | Killed a redback
  1114 | D        | Noticed a trapdoor spider
  1116 | D        | Killed a trapdoor spider
  1236 | D        | Noticed Sigmund
  1236 | D        | Noticed Edmund
  1238 | D        | Killed Sigmund
  1238 | D        | Reached skill level 15 in Dodging
  1238 | D        | Reached skill level 16 in Stealth
  1238 | D        | Reached skill level 5 in Conjurations
  1238 | D        | Reached skill level 10 in Hexes
  1238 | D        | Reached XP level 10. HP: 44/44 MP: 21/28
  1253 | D        | Killed Edmund
  1253 | D        | Acquired Dithmenos's fourth power
  1299 | D        | Noticed a killer bee
  1299 | D        | Noticed a killer bee
  1299 | D        | Noticed a killer bee
  1299 | D        | Noticed a killer bee
  1299 | D        | Noticed a killer bee
  1299 | D        | Noticed a killer bee
  1299 | D        | Noticed a killer bee
  1299 | D        | Noticed a killer bee
  1299 | D        | Noticed a killer bee
  1299 | D        | Noticed a killer bee
  1299 | D        | Noticed a killer bee
  1299 | D        | Noticed a killer bee
  1299 | D        | Noticed a killer bee
  1299 | D        | Noticed a killer bee
  1299 | D        | Noticed a killer bee
  1300 | D        | Noticed a killer bee
  1301 | D        | Noticed a killer bee
  1301 | D        | Noticed a killer bee
  1301 | D        | Noticed a killer bee
  1302 | D        | Noticed a killer bee
  1302 | D        | Noticed a killer bee
  1302 | D        | Killed a killer bee
  1304 | D        | Noticed a killer bee
  1304 | D        | Killed a killer bee
  1306 | D        | Noticed a killer bee
  1306 | D        | Noticed a killer bee
  1307 | D        | Noticed a killer bee
  1310 | D        | Noticed a killer bee
  1310 | D        | Killed a killer bee
  1311 | D        | Noticed a killer bee
  1312 | D        | Noticed a killer bee
  1312 | D        | Killed a killer bee
  1313 | D        | Noticed a killer bee
  1313 | D        | Noticed a killer bee
  1315 | D        | Killed a killer bee
  1315 | D        | Reached skill level 17 in Stealth
  1317 | D        | Killed a killer bee
  1319 | D        | Killed a killer bee
  1320 | D        | Noticed a killer bee
  1322 | D        | Noticed a killer bee
  1322 | D        | Killed a killer bee
  1325 | D        | Killed a killer bee
  1327 | D        | Noticed a queen bee
  1464 | D        | Killed a yaktaur
  1500 | D        | Killed a killer bee
  1503 | D        | Killed a killer bee
  1506 | D        | Killed a killer bee
  1508 | D        | Killed a killer bee
  1510 | D        | Killed a killer bee
  1512 | D        | Killed a killer bee
  1514 | D        | Killed a killer bee
  1516 | D        | Killed a killer bee
  1520 | D        | Killed a killer bee
  1522 | D        | Killed a killer bee
  1524 | D        | Killed a killer bee
  1664 | D        | Killed a killer bee
  1666 | D        | Killed a killer bee
  1668 | D        | Killed a killer bee
  1671 | D        | Killed a killer bee
  1673 | D        | Killed a killer bee
  1675 | D        | Killed a killer bee
  1677 | D        | Killed a killer bee
  1679 | D        | Killed a killer bee
  1681 | D        | Killed a killer bee
  1683 | D        | Killed a killer bee
  1685 | D        | Killed a killer bee
  1685 | D        | Reached XP level 11. HP: 47/47 MP: 5/29
  1687 | D        | Killed a killer bee
  1690 | D        | Killed a queen bee
  1918 | D        | Noticed an orc high priest
  1918 | D        | Noticed an orc high priest
  1919 | D        | Noticed an orc priest
  1919 | D        | Noticed an orc priest
  1920 | D        | Killed an orc high priest
  1921 | D        | Killed an orc high priest
  1923 | D        | Killed an orc priest
  1924 | D        | Killed an orc priest
  2012 | D        | Killed a yaktaur
  2099 | D        | Noticed a spriggan defender
  2100 | D        | Noticed a spriggan defender
  2100 | D        | Noticed a spriggan defender
  2100 | D        | Noticed a spriggan defender
  2101 | D        | Killed a spriggan defender
  2102 | D        | Killed a spriggan defender
  2104 | D        | Killed a spriggan defender
  2105 | D        | Killed a spriggan defender
  2105 | D        | Reached skill level 18 in Stealth
  2126 | D        | Noticed an orange crystal statue
  2159 | D        | Noticed a wandering mushroom
  2160 | D        | Noticed a wandering mushroom
  2160 | D        | Noticed a wandering mushroom
  2161 | D        | Killed a wandering mushroom
  2163 | D        | Killed a wandering mushroom
  2164 | D        | Killed a wandering mushroom
  2199 | D        | Noticed a spiny frog
  2199 | D        | Noticed a komodo dragon
  2199 | D        | Noticed a spiny frog
  2201 | D        | Killed a spiny frog
  2204 | D        | Killed a komodo dragon
  2205 | D        | Killed a spiny frog
  2205 | D        | Reached skill level 10 in Short Blades
  2222 | D        | Noticed a redback
  2227 | D        | Killed a redback
  2228 | D        | Noticed a brain worm
  2231 | D        | Killed a brain worm
  2241 | D        | Noticed a brain worm
  2243 | D        | Killed a brain worm
  2246 | D        | Noticed a lindwurm
  2247 | D        | Noticed a redback
  2248 | D        | Killed a lindwurm
  2250 | D        | Killed a redback
  2255 | D        | Noticed a redback
  2256 | D        | Killed a redback
  2257 | D        | Noticed Maud
  2260 | D        | Killed Maud
  2260 | D        | Reached skill level 19 in Stealth
  2298 | D        | Noticed a swamp drake
  2298 | D        | Noticed a fire drake
  2299 | D        | Killed a fire drake
  2299 | D        | Reached skill level 15 in Spellcasting
  2301 | D        | Killed a swamp drake
  2311 | D        | Noticed a blink frog
  2312 | D        | Noticed a blink frog
  2312 | D        | Noticed a blink frog
  2312 | D        | Noticed a blink frog
  2312 | D        | Noticed a blink frog
  2314 | D        | Killed a blink frog
  2316 | D        | Killed a blink frog
  2317 | D        | Killed a blink frog
  2318 | D        | Killed a blink frog
  2322 | D        | Killed a blink frog
  2354 | D        | Noticed Rupert
  2356 | D        | Killed Rupert
  2356 | D        | Reached XP level 12. HP: 51/51 MP: 27/32
  2362 | D        | Noticed a death yak
  2363 | D        | Noticed a death yak
  2363 | D        | Noticed a blink frog
  2363 | D        | Noticed an azure jelly
  2363 | D        | Noticed a death yak
  2363 | D        | Noticed an azure jelly
  2363 | D        | Noticed a blink frog
  2363 | D        | Noticed a death yak
  2364 | D        | Killed a death yak
  2365 | D        | Killed a death yak
  2365 | D        | Reached skill level 20 in Stealth
  2366 | D        | Killed a blink frog
  2367 | D        | Noticed a blink frog
  2367 | D        | Noticed a black mamba
  2368 | D        | Killed a death yak
  2370 | D        | Killed a blink frog
  2371 | D        | Noticed a black mamba
  2372 | D        | Killed a blink frog
  2373 | D        | Killed a death yak
  2377 | D        | Killed a black mamba
  2379 | D        | Killed a black mamba
  2388 | D        | Noticed an azure jelly
  2388 | D        | Noticed an azure jelly
  2440 | D        | Noticed a kraken
  2441 | D        | Noticed a snapping turtle
  2442 | D        | Noticed a snapping turtle
  2442 | D        | Noticed a snapping turtle
  2442 | D        | Noticed a snapping turtle
  2721 | D        | Noticed an elephant
  2721 | D        | Noticed an elephant
  2721 | D        | Noticed a dire elephant
  2721 | D        | Noticed a dire elephant
  2721 | D        | Noticed Gastronok
  2723 | D        | Killed Gastronok
  2724 | D        | Killed a dire elephant
  2726 | D        | Killed a dire elephant
  2726 | D        | Reached skill level 21 in Stealth
  2729 | D        | Killed an elephant
  2731 | D        | Killed an elephant
  2744 | D        | Gained mutation: You are dopey. (Int -2) [potion of mutation]
  2849 | D        | Noticed a five-headed hydra
  2849 | D        | Noticed a five-headed hydra
  2851 | D        | Killed a five-headed hydra
  2852 | D        | Killed a five-headed hydra
  2866 | D        | Noticed a death drake
  2868 | D        | Killed a death drake
  2875 | D        | Found a blossoming altar of Fedhas.
  2875 | D        | Noticed a spriggan
  2875 | D        | Noticed a spriggan druid
  2875 | D        | Noticed a spriggan
  2877 | D        | Killed a spriggan druid
  2878 | D        | Killed a spriggan
  2878 | D        | Reached XP level 13. HP: 55/55 MP: 25/35
  2879 | D        | Killed a spriggan
  2879 | D        | Reached skill level 10 in Invocations
  2905 | D        | Noticed a fire dragon
  2910 | D        | Killed a fire dragon
  2911 | D        | Noticed a fire dragon
  2914 | D        | Found Xoecsuer's Gadget Emporium.
  2914 | D        | Found Saonwe Aham's Magic Scroll Shop.
  2915 | D        | Killed a fire dragon
  2962 | D        | Found Wecluipa's Antique Weapon Shoppe.
  3193 | D        | Noticed a four-headed hydra
  3193 | D        | Noticed Xtahua
  3195 | D        | Killed Xtahua
  3195 | D        | Reached skill level 22 in Stealth
  3197 | D        | Killed a four-headed hydra
  3204 | D        | Got a decaying rune of Zot
  3492 | D        | Noticed an orc knight
  3493 | D        | Noticed an orc priest
  3493 | D        | Noticed an orc warrior
  3493 | D        | Noticed an orc priest
  3493 | D        | Noticed an orc warrior
  3493 | D        | Noticed an orc priest
  3493 | D        | Noticed an orc priest
  3493 | D        | Noticed an orc priest
  3493 | D        | Noticed an orc priest
  3493 | D        | Noticed an orc wizard
  3493 | D        | Noticed an orc priest
  3493 | D        | Noticed an orc priest
  3493 | D        | Found Denler's Armour Shoppe.
  3503 | D        | Killed an orc priest
  3508 | D        | Killed an orc priest
  3512 | D        | Killed an orc knight
  3517 | D        | Killed an orc warrior
  3520 | D        | Killed an orc priest
  3525 | D        | Killed an orc wizard
  3532 | D        | Killed an orc priest
  3536 | D        | Killed an orc warrior
  3541 | D        | Killed an orc priest
  3556 | D        | Killed an orc priest
  3560 | D        | Killed an orc priest
  3569 | D        | Killed an orc priest
  3638 | D        | Bought a +1 robe of the Archmagi for 425 gold pieces
  3894 | D        | Killed a snapping turtle
  4010 | D        | Killed a kraken
  4088 | D        | Killed a snapping turtle
  4095 | D        | Found Naaraopn's Jewellery Shoppe.
  4095 | D        | Found Gopnu's Magic Scroll Boutique.
  4095 | D        | Found Cial's Antique Weapon Shop.
  4095 | D        | Noticed a snapping turtle
  4095 | D        | Noticed an alligator snapping turtle
  4103 | D        | Killed a snapping turtle
  4270 | D        | Killed a snapping turtle
  4276 | D        | Killed an alligator snapping turtle
  4362 | D        | Killed a snapping turtle
  4383 | D        | Got a barnacled rune of Zot
  4488 | D        | Noticed a yaktaur
  4488 | D        | Noticed a yaktaur
  4489 | D        | Noticed a yaktaur captain
  4537 | D        | Noticed a slime creature
  4539 | D        | Killed a slime creature
  4569 | D        | Learned a level 3 spell: Summon Guardian Golem
  4571 | D        | Learned a level 1 spell: Summon Small Mammal
  4574 | D        | Learned a level 2 spell: Call Imp
  4579 | D        | Learned a level 4 spell: Summon Ice Beast
  4583 | D        | Learned a level 3 spell: Call Canine Familiar
  4588 | D        | Learned a level 4 spell: Summon Lightning Spire
  4596 | D        | Noticed a centaur warrior
  4598 | D        | Killed a centaur warrior
  4606 | D        | Noticed a red ugly thing
  4609 | D        | Killed a red ugly thing
  4621 | D        | Noticed a merfolk
  4622 | D        | Noticed a fire dragon
  4623 | D        | Killed a merfolk
  4623 | D        | Reached skill level 1 in Air Magic
  4625 | D        | Killed a fire dragon
  4625 | D        | Reached skill level 1 in Summonings
  4638 | D        | Noticed a halberd of freezing
  4638 | D        | Noticed a vampiric war axe
  4639 | D        | Noticed a mace of crushing
  4639 | D        | Noticed a scimitar of slicing
  4965 | D        | Killed a mace of crushing
  5807 | D        | Killed a halberd of freezing
  5807 | D        | Reached skill level 23 in Stealth
  5883 | D        | Killed a vampiric war axe
  5883 | D        | Reached skill level 10 in Ice Magic
  5933 | D        | Got a faintly glowing rapier
  5934 | D        | Identified the +1 rapier "Ytuz" {speed, -Tele Str+7} (You found it in the Dungeon)
  5961 | D        | Noticed a yaktaur captain
  5961 | D        | Noticed a manticore
  5961 | D        | Noticed an eye of devastation
  5961 | D        | Noticed a slime creature
  5963 | D        | Noticed a slime creature
  5964 | D        | Killed an eye of devastation
  5966 | D        | Killed a manticore
  5968 | D        | Killed a slime creature
  5970 | D        | Killed a slime creature
  6072 | D        | Killed a yaktaur captain
  6427 | D        | Noticed a skeletal warrior
  6427 | D        | Noticed a skeletal warrior
  6427 | D        | Noticed a skeletal warrior
  6427 | D        | Noticed a skeletal warrior
  6527 | D        | Killed a skeletal warrior
  6809 | D        | Killed Nessos
  6855 | D        | Killed a skeletal warrior
  7008 | D        | Noticed a cyan ugly thing
  7042 | D        | Killed a skeletal warrior
  7088 | D        | Noticed an ancient lich
  7102 | D        | Identified Ryqirog's Papyrus of Twisted Augmentations
  7137 | D        | Learned a level 3 spell: Ozocubu's Armour
  7139 | D        | Learned a level 1 spell: Animate Skeleton
  7144 | D        | Learned a level 4 spell: Animate Dead
  7168 | D        | Noticed a guardian mummy
  7168 | D        | Noticed a mummy priest
  7168 | D        | Noticed a guardian mummy
  7168 | D        | Noticed a mummy priest
  7169 | D        | Noticed a sphinx
  7169 | D        | Noticed a sphinx
  7170 | D        | Killed a guardian mummy
  7172 | D        | Noticed a guardian mummy
  7172 | D        | Killed a mummy priest
  7172 | D        | Reached skill level 1 in Charms
  7182 | D        | Killed a sphinx
  7182 | D        | Reached skill level 1 in Necromancy
  7182 | D        | Reached XP level 14. HP: 59/59 MP: 28/37
  7184 | D        | Killed a sphinx
  7188 | D        | Killed a guardian mummy
  7196 | D        | Killed a guardian mummy
  7293 | D        | Killed a ball lightning
  7293 | D        | Killed a ball lightning
  7293 | D        | Killed a skeletal warrior
  7293 | D        | Killed a ball lightning
  7293 | D        | Killed a hornet
  7293 | D        | Killed a ball lightning
  7318 | D        | Killed a wasp
  7363 | D        | Paralysed by the power of Zot for 3 turns
  7398 | D        | Mangled by a shadow wraith

Vault maps used:
D:        dungeon_sprint_mu

Action                   |  1- 3 |  4- 6 |  7- 9 | 10-12 | 13-15 || total
-------------------------+-------+-------+-------+-------+-------++-------
Melee: Dagger            |    13 |     9 |    14 |   125 |    35 ||   196
       Rapier            |       |       |       |       |    31 ||    31
 Cast: Ensorcelled Hiber |     1 |     5 |    10 |    50 |    34 ||   100
       Confuse           |       |     3 |       |       |     5 ||     8
       Dazzling Spray    |       |     1 |     5 |     3 |    79 ||    88
       Summon Ice Beast  |       |       |       |       |    10 ||    10
       Summon Guardian G |       |       |       |       |     7 ||     7
       Summon Lightning  |       |       |       |       |     7 ||     7
       Corona            |       |       |       |       |     4 ||     4
       Ozocubu's Armour  |       |       |       |       |     1 ||     1
Invok: Shadow Step       |       |       |     2 |    17 |    10 ||    29
  Use: Potion            |       |     4 |       |     1 |     7 ||    12
       Scroll            |       |     4 |       |       |     1 ||     5
 Stab: Sleeping          |     2 |     7 |    13 |    82 |    30 ||   134
       Invisible         |       |     1 |       |       |     4 ||     5
       Confused          |       |       |       |       |     3 ||     3
  Eat: Bread ration      |       |       |       |       |     1 ||     1
